 Dungeon Crawl Stone Soup version 0.18-a0-46-g45ca8e4 (webtiles) character file.

606 Duffy the Fighter (level 7, 0/62 HPs)
             Began as a Human Assassin on Nov 6, 2015.
             Killed by divine providence
             ... invoked by an orc priest
              (13 damage)
             ... on level 4 of the Dungeon.
             The game lasted 00:05:00 (3825 turns).

Duffy the Fighter (Human Assassin)                  Turns: 3825, Time: 00:05:01

Health: 0/62       AC:  8    Str: 13    XL:     7   Next: 70%
Magic:  7/7        EV:  9    Int: 12    God:
Gold:   148        SH:  0    Dex: 14    Spells: 0 memorised, 6 levels left

rFire  . . .     SeeInvis .     z - +1 dagger (venom)
rCold  . . .     Clarity  .     F - +0 scale mail
rNeg   . . .     SustAt   .     (no shield)
rPois  .         Gourm    .     (no helmet)
rElec  .         Spirit   .     d - +0 cloak
rCorr  .         Warding  .     j - +0 pair of gloves
rMut   .         Stasis   +     (no boots)
MR     +....                    y - amulet of stasis
Stlth  ++........               A - ring of protection from magic
                                t - ring of stealth

@: somewhat resistant to hostile enchantments, unstealthy
A: no striking features
a: no special abilities


You were on level 4 of the Dungeon.
You were not hungry.

You visited 1 branch of the dungeon, and saw 4 of its levels.

You collected 148 gold pieces.


   Skills:
 + Level 8.0 Fighting
 - Level 2.0 Short Blades
 - Level 2.0 Throwing
 - Level 1.0 Dodging
 - Level 4.0 Stealth


You had 6 spell levels left.
You didn't know any spells.

Inventory:

Hand Weapons
 a - a +2 dagger
 b - a +0 blowgun
 w - a +3 quarterstaff of chaos
 z - a +1 dagger of venom (weapon)
 G - a cursed +0 flail
Missiles
 e - 32 poisoned needles
 f - 2 curare-tipped needles
 i - 74 stones (quivered)
Armour
 c - a +0 robe
 d - a +0 cloak (worn)
 j - a +0 pair of gloves (worn)
 m - a +0 leather armour
 r - a +0 ring mail
 s - a +0 chain mail
 F - a +0 scale mail (worn)
Jewellery
 t - a ring of stealth (left hand)
 y - an amulet of stasis (around neck)
 A - a ring of protection from magic (right hand)
Wands
 x - a wand of magic darts (24)
Scrolls
 n - 5 scrolls of magic mapping {unknown}
 o - 3 scrolls of enchant armour {unknown}
 p - 3 scrolls of remove curse {unknown}
 q - a scroll of teleportation {unknown}
 v - 3 scrolls of identify {unknown}
Potions
 h - 2 potions of haste {unknown}
 B - a potion of brilliance {unknown}
 C - 2 potions of lignification {unknown}
 D - a potion of curing {unknown}
 E - a potion of berserk rage {unknown}
Comestibles
 g - 3 bread rations
 k - 2 beef jerkies
 l - a meat ration
 u - 5 fruits

Dungeon Overview and Level Annotations

Branches:
Dungeon (4/15)
 Temple: D:4-7

Altars:
Gozag

Annotations:
D:4 Dirtsage's ghost, weakling VSBe


Message History

The orc priest calls down the wrath of Beogh upon you.
Something smites you!
You see here a mace.
You start resting.
Dirtsage's ghost (weakling Vine Stalker Berserker) comes into view.
The orc priest mumbles some strange prayers to Beogh against you.
Something smites you!
Dirtsage's ghost turns its malevolent gaze towards you.
You see here a mace.
You hit the orc priest.
The orc priest is moderately wounded.
The orc priest hits you with a dagger.
You hit the orc priest.
The orc priest is moderately wounded.
The orc priest hits you but does no damage.
You hit the orc priest but do no damage.
The orc priest is poisoned.
The orc priest is moderately wounded.
The orc priest calls down the wrath of Beogh upon you.
Pain shoots through your body!
You are too injured to fight recklessly!
You are too injured to fight recklessly!
You are too injured to fight recklessly!
You are too injured to fight recklessly!
You closely miss the orc priest.
The orc priest is moderately wounded.
You barely miss the orc priest.
The orc priest is moderately wounded.
The orc priest mumbles some strange prayers to Beogh against you.
Something smites you!
You hit the orc priest.
The orc priest looks even sicker.
The orc priest is severely wounded.
The orc priest calls down the wrath of Beogh upon you.
Something smites you!
You die...

.. #.......#
#........#.# ##....#.#
#[.......#.# <......#.#
#........#.# ######.#.#
#........#.#
..#.#####........#.#
###.....#.####..##.#
...#######.##.#####.##.#
.....Wo..#.##.##....##.#
#@.#.##.##.....#.#
#.##.##.##.....#.#
#.##....##...#...#
#.)...#####.##....
#####.......##..>.
############## #... #.#.
#.##


You could see an orc priest and Dirtsage's ghost.

Action                   |  1- 3 |  4- 6 |  7- 9 || total
-------------------------+-------+-------+-------++-------
Melee: Dagger            |    76 |    22 |    68 ||   166
       Quarterstaff      |       |    81 |       ||    81
 Fire: Blowgun           |     4 |       |       ||     4
 Stab: Sleeping          |     9 |     3 |     4 ||    16
  Eat: Chunk             |     1 |     5 |     3 ||     9

Notes
Turn   | Place    | Note
--------------------------------------------------------------
     0 | D:1      | Duffy the Human Assassin began the quest for the Orb.
     0 | D:1      | Reached XP level 1. HP: 16/16 MP: 1/1
   287 | D:1      | Reached XP level 2. HP: 23/23 MP: 2/2
   411 | D:1      | Reached skill level 3 in Fighting
   558 | D:1      | Reached XP level 3. HP: 29/29 MP: 3/3
  1287 | D:2      | Noticed Crazy Yiuf
  1296 | D:2      | Killed Crazy Yiuf
  1296 | D:2      | Reached skill level 4 in Fighting
  1296 | D:2      | Reached XP level 4. HP: 17/37 MP: 4/4
  1695 | D:2      | Reached XP level 5. HP: 38/43 MP: 5/5
  1745 | D:2      | Found a faded altar to an unknown god.
  1905 | D:2      | Reached skill level 5 in Fighting
  2007 | D:2      | Noticed Sigmund
  2016 | D:2      | Killed Sigmund
  2016 | D:2      | Reached skill level 6 in Fighting
  2016 | D:2      | Reached XP level 6. HP: 42/53 MP: 6/6
  2697 | D:3      | Reached skill level 7 in Fighting
  2697 | D:3      | Reached XP level 7. HP: 20/60 MP: 7/7
  3614 | D:4      | Found an opulent altar of Gozag.
  3790 | D:4      | Reached skill level 8 in Fighting
  3819 | D:4      | Noticed Dirtsage's ghost (weakling VSBe)
  3825 | D:4      | Killed from afar by an orc priest

Vault maps used:
D:1:      dpeg_arrival_sounds_slurp
D:2:      serial_curves, eino_curves_04, eino_curves_03, ecumenical_altar_2,
          uniq_crazy_yiuf_cottage, uniq_sigmund
D:3:      first_bread, st_stairs_7
D:4:      kennysheep_mini

Vanquished Creatures
  Sigmund
  A centaur
  A scorpion
  4 orc priests Crazy Yiuf
  An orc wizard
  A hound skeleton
  5 adders
  3 worms
  A giant gecko
  8 orcs
  6 bats
  2 giant cockroaches
  6 goblins
  9 hobgoblins
  A ball python
  6 giant newts
  12 kobolds
  11 rats
80 creatures vanquished.
